 Dungeon Crawl Stone Soup version bcrawl-1.27.8b (webtiles) character file.

Game seed: 4561777788681854746

89958 MisterOstroum the Sneak (level 1, -1/10 HPs)
             Began as a Vine Stalker Fire Elementalist on Nov 12, 2020.
             Hit by a stone thrown by a kobold (3 damage)
             ... on level 1 of the Dungeon.
             The game lasted 00:00:49 (119 turns).

MisterOstroum the Sneak (VSFE)                       Turns: 119, Time: 00:00:50

Health: -1/10      AC:  2    Str: 10    XL:     1   Next: 90%
Magic:  1/4        EV: 12    Int: 15    God:
Gold:   43         SH:  0    Dex: 14    Spells: 3/4 levels left

rFire    . . .     SeeInvis .   d - +0 dagger
rCold    . . .     Gourm    .   (no shield)
rNeg     . . .     Faith    .   a - +0 robe
rPois    .         Spirit   .   (no helmet)
rElec    .         Reflect  .   (no cloak)
rCorr    .         Harm     .   (no gloves)
MR       .....                  (no boots)
Stlth    ++........             (no amulet)
HPRegen  0.43/turn              (no ring)
MPRegen  0.09/turn              (no ring)

@: very slightly contaminated
A: fangs 2, regeneration 1, no potion heal 3, rot immunity, strong jaws
a: no special abilities


You were on level 1 of the Dungeon.
You were not hungry.

You visited 1 branch of the dungeon, and saw 1 of its levels.

You collected 43 gold pieces.

Inventory:

Hand Weapons
 d - a +0 dagger (weapon)
Missiles
 c - 269 stones (quivered)
Armour
 a - a +0 robe (worn)
Potions
 b - 2 potions of might {unknown}
Comestibles
 e - 2 rations {!d}
 f - a chunk of flesh


   Skills:
 + Level 0.3 Fighting
 + Level 0.2 Short Blades
 - Level 2.0 Dodging
 + Level 3.2 Stealth
 - Level 2.1 Spellcasting
 - Level 1.0 Conjurations
 * Level 3.2 Fire Magic


You had 3 spell levels left.
You knew the following spells:

 Your Spells              Type           Power        Failure   Level  Hunger
a - Flame Tongue          Conj/Fire      #....        10%         1    None

Your spell library contained the following spells:

 Spells                   Type           Power        Failure   Level  Hunger
 Flaming Arrows           Chrm/Fire      #.......     17%         2    ##.....
 Conjure Flame            Conj/Fire      #.......     28%         3    ####...
 Inner Flame              Hex/Fire       N/A          34%         3    ####...
 Sticky Flame             Conj/Fire      #.......     67%         4    ######.
 Fireball                 Conj/Fire      #.........   95%         5    #######


Dungeon Overview and Level Annotations

Branches:
Dungeon (1/12)

Altars:


Innate Abilities, Weirdness & Mutations

You have extremely sharp teeth.
Your natural rate of healing is unusually fast.
Potions cannot restore your health.
You are immune to rotting.
Your bites deal extra damage.


Message History

Confirm with . or Enter, or press ? or * to list all spells.
Aiming: Flame Tongue (safe; 10% risk of failure)
Press: ? - help, Shift-Dir - straight line, f - kobold
Aim: a kobold, wielding a +0 falchion (hasn't noticed you)
The flame tongue hits the kobold.
You kill the kobold!
Casting: Flame Tongue (safe; 10% risk of failure)
Confirm with . or Enter, or press ? or * to list all spells.
You can't see any susceptible monsters within range! (Use Z to cast anyway.)
A bat comes into view.
A bat is nearby!
A bat is nearby!
Casting: Flame Tongue (safe; 10% risk of failure)
Confirm with . or Enter, or press ? or * to list all spells.
You can't see any susceptible monsters within range! (Use Z to cast anyway.) Throwing (i - inventory)
c - 270 stones (quivered)
Press: ? - help, Shift-Dir - straight line, f - bat
Aim: a bat You throw a stone.
The stone hits the bat.
The bat is moderately wounded.
Throwing (i - inventory)
c - 269 stones (quivered)
Press: ? - help, Shift-Dir - straight line, f/p - bat
Aim: a bat (moderately wounded)
Okay, then.
Casting: Flame Tongue (safe; 10% risk of failure)
Confirm with . or Enter, or press ? or * to list all spells.
Aiming: Flame Tongue (safe; 10% risk of failure)
Press: ? - help, Shift-Dir - straight line, f/p - bat
Aim: a bat (moderately wounded)
The flame tongue hits the bat!
You kill the bat!
Casting: Flame Tongue (safe; 10% risk of failure)
Confirm with . or Enter, or press ? or * to list all spells.
You can't see any susceptible monsters within range! (Use Z to cast anyway.)
You see here a hand axe.
A giant cockroach comes into view.
A giant cockroach is nearby!
A giant cockroach is nearby!
A kobold comes into view. It is wielding a +0 whip.
Casting: Flame Tongue (safe; 10% risk of failure)
Confirm with . or Enter, or press ? or * to list all spells.
Aiming: Flame Tongue (safe; 10% risk of failure)
Press: ? - help, Shift-Dir - straight line, f - giant cockroach
Aim: a giant cockroach (resting)
You miscast Flame Tongue.
You are very lightly contaminated with residual magic.
Nothing appears to happen.
Casting: Flame Tongue (safe; 10% risk of failure)
Confirm with . or Enter, or press ? or * to list all spells.
Aiming: Flame Tongue (safe; 10% risk of failure)
Press: ? - help, Shift-Dir - straight line, f/p - giant cockroach
Aim: a giant cockroach (resting)
The flame tongue hits the giant cockroach.
The giant cockroach is severely wounded.
Casting: Flame Tongue (safe; 10% risk of failure)
Confirm with . or Enter, or press ? or * to list all spells.
Aiming: Flame Tongue (safe; 10% risk of failure)
Press: ? - help, Shift-Dir - straight line, f/p - giant cockroach
Aim: a giant cockroach (severely wounded)
The flame tongue misses the giant cockroach.
The giant cockroach bites you but does no damage.
You hit the giant cockroach.
You kill the giant cockroach!
You see here a giant cockroach corpse.
A bat comes into view.
The kobold shouts!
A goblin comes into view. It is wielding a +0 dagger.
The kobold hits you with a +0 whip. The bat barely misses you.
You hit the kobold. You bite the kobold, but do no damage.
The kobold is moderately wounded.
The bat closely misses you. The kobold hits you with a +0 whip.
Casting: Flame Tongue (safe; 10% risk of failure)
Confirm with . or Enter, or press ? or * to list all spells.
Aiming: Flame Tongue (safe; 10% risk of failure)
Press: ? - help, Shift-Dir - straight line, f - kobold
Aim: a kobold, wielding a +0 whip and quivering 5 stones (moderately wounded)
The flame tongue hits the kobold but does no damage.
The kobold is moderately wounded.
The bat hits you but does no damage. The kobold closely misses you.
Casting: Flame Tongue (safe; 10% risk of failure)
Confirm with . or Enter, or press ? or * to list all spells.
You don't have enough magic to cast that spell.
The kobold hits you with a +0 whip.
Ouch! That really hurt!
* * * LOW HITPOINT WARNING * * *
The bat hits you but does no damage. The bat closely misses you.
The bat hits you but does no damage.
The kobold throws a stone.
The stone barely misses you.
The kobold throws a stone.
The stone hits you.
* * * LOW HITPOINT WARNING * * *
The bat barely misses you. The bat hits you.
* * * LOW HITPOINT WARNING * * *
The bat hits you but does no damage.
Something unseen opens the door.
The kobold throws a stone.
The stone barely misses you.
A rat comes into view.
The bat hits you.
* * * LOW HITPOINT WARNING * * *
The kobold throws a stone.
The stone hits you.
You die...

. ##### .r ..... ...
... .... ...
.....##.####
...........+ #@#
..####.###
#....b...#
######.#g# #.#.#
########'#.#
#........K.#
#+#######..........#
#...)....†.........#


You could see a goblin, a bat, a kobold and a rat.

Vanquished Creatures
  A bat (D:1)
  A giant cockroach (D:1)
  A goblin (D:1)
  A frilled lizard (D:1)
  2 kobolds (D:1)
6 creatures vanquished.

Notes
Turn   | Place    | Note
-------+----------+-------------------------------------------
     0 | D:1      | MisterOstroum the Vine Stalker Fire Elementalist began the
                  | quest for the Orb.
     0 | D:1      | Reached XP level 1. HP: 10/10 MP: 4/4
   119 | D:1      | Hit by a stone thrown by a kobold

Action                   || total
-------------------------++-------
Melee: Dagger            ||     2
       Bite              ||     1
Throw: Stone             ||     1
 Cast: Flame Tongue      ||     8
Armor: Robe              ||     5
Dodge: Dodged            ||     7
